[ AOE2 MATCH · #478535283 ]
UnrankedItalians vs Khmer
[ REPLAY ANALYSIS · EXTRACTED FROM THE RECORDED GAME ]
Feudal
10:31
Castle
14:14
Imperial
25:00
| APM avg | 62.6 |
| APM peak | 114 |
| eAPM avg | 37.3 |
| Villagers / military | 157 / 121 |
Focus
⚔️ 22.9% · 🌾 77.1%
Genoese Crossbowman ×84 · Trebuchet (Packed) ×19 · Mangonel ×9 · Battering Ram ×5 · Monk ×4
Feudal
10:31
Castle
13:54
Imperial
31:03
| APM avg | 26.3 |
| APM peak | 58 |
| eAPM avg | 18.6 |
| Villagers / military | 269 / 55 |
Focus
⚔️ 22.4% · 🌾 77.6%
Ballista Elephant ×39 · Knight ×9 · Trebuchet (Packed) ×7
Feudal
11:10
Castle
16:31
Imperial
27:49
| APM avg | 18.3 |
| APM peak | 56 |
| eAPM avg | 12.5 |
| Villagers / military | 174 / 16 |
Focus
⚔️ 16.5% · 🌾 83.5%
Archer ×15 · Trebuchet (Packed) ×1
Feudal
10:39
Castle
15:08
Imperial
33:15
| APM avg | 53.0 |
| APM peak | 96 |
| eAPM avg | 21.9 |
| Villagers / military | 133 / 76 |
Focus
⚔️ 23.3% · 🌾 76.7%
Knight ×37 · Conquistador ×28 · Petard ×8 · Trebuchet (Packed) ×3 · Unknown (882) ×1
Feudal
11:20
Castle
14:48
Imperial
28:08
| APM avg | 31.5 |
| APM peak | 71 |
| eAPM avg | 17.9 |
| Villagers / military | 116 / 186 |
Focus
⚔️ 28.8% · 🌾 71.2%
Camel Scout ×117 · Hand Cannoneer ×67 · Monk ×1 · Mangonel ×1
Feudal
10:55
Castle
14:48
Imperial
32:59
| APM avg | 58.8 |
| APM peak | 102 |
| eAPM avg | 27.2 |
| Villagers / military | 152 / 178 |
Focus
⚔️ 31.9% · 🌾 68.1%
Spearman ×94 · Knight ×59 · Trebuchet (Packed) ×13 · Scout Cavalry ×10 · Monk ×2
Feudal
9:28
Castle
14:44
Imperial
26:30
| APM avg | 28.3 |
| APM peak | 73 |
| eAPM avg | 12.2 |
| Villagers / military | 106 / 47 |
Focus
⚔️ 16.4% · 🌾 83.6%
Skirmisher ×29 · Samurai ×12 · Mangonel ×4 · Trebuchet (Packed) ×2
Feudal
10:48
Castle
14:09
Imperial
27:38
| APM avg | 33.7 |
| APM peak | 76 |
| eAPM avg | 19.0 |
| Villagers / military | 171 / 172 |
Focus
⚔️ 27.9% · 🌾 72.1%
Knight ×159 · Bombard Cannon ×10 · Trebuchet (Packed) ×2 · Monk ×1
Match map
Initial resources + every placement click. Lines = walls · curves = elevation contours. ◆ gold · ⬟ stone · ● berries · ✦ relic · ◌ wall gap
Your base· ✓ Closed at 14:14 · 0t walls · 3 gate(s)
Fox's base· ✓ Closed at 13:54 · 2t walls · 2 gate(s)
qReey's base· ✓ Closed at 16:31 · 0t walls · 3 gate(s)
GDL-arlekin_'s base· ✓ Closed at 15:08 · 0t walls · 2 gate(s)
Usta Yoda's base· ✓ Closed at 14:48 · 0t walls · 3 gate(s)
Soy Un Therian's base· ✓ Closed at 14:48 · 0t walls · 6 gate(s)
莫莫's base· ✓ Closed at 14:44 · 0t walls · 2 gate(s)
Overrated BO's's base· ✓ Closed at 14:09 · 0t walls · 2 gate(s)
Smoothed initial terrain · ◌ = detected wall gap · hover for details
Inputs per minute
— [GDL] saushino - - Fox
Build order — [GDL] saushino
First 150 of 405 actions detected
| 0:01 | Create | Villager (Male) |
| 0:01 | Create | Villager (Male) |
| 0:02 | Create | Villager (Male) |
| 0:02 | Create | Villager (Male) |
| 0:02 | Create | Villager (Male) |
| 0:03 | Build | House |
| 0:04 | Build | House |
| 1:30 | Create | Villager (Male) |
| 1:30 | Create | Villager (Male) |
| 1:30 | Create | Villager (Male) |
| 1:46 | Build | Lumber Camp |
| 2:03 | Create | Villager (Male) |
| 2:03 | Create | Villager (Male) |
| 2:04 | Create | Villager (Male) |
| 2:21 | Create | Villager (Male) |
| 2:21 | Create | Villager (Male) |
| 2:21 | Create | Villager (Male) |
| 2:40 | Create | Villager (Male) |
| 2:40 | Create | Villager (Male) |
| 2:40 | Create | Villager (Male) |
| 3:10 | Build | House |
| 3:17 | Create | Villager (Male) |
| 3:17 | Create | Villager (Male) |
| 3:17 | Create | Villager (Male) |
| 3:35 | Create | Villager (Male) |
| 3:36 | Create | Villager (Male) |
| 3:36 | Create | Villager (Male) |
| 3:55 | Create | Villager (Male) |
| 3:55 | Create | Villager (Male) |
| 3:55 | Create | Villager (Male) |
| 4:20 | Create | Villager (Male) |
| 4:21 | Create | Villager (Male) |
| 4:21 | Create | Villager (Male) |
| 4:24 | Create | Villager (Male) |
| 4:24 | Create | Villager (Male) |
| 4:24 | Create | Villager (Male) |
| 5:02 | Create | Villager (Male) |
| 5:02 | Create | Villager (Male) |
| 5:02 | Create | Villager (Male) |
| 5:03 | Create | Villager (Male) |
| 5:10 | Build | Mill |
| 5:21 | Build | House |
| 5:56 | Build | Mill |
| 5:59 | Create | Villager (Male) |
| 6:00 | Create | Villager (Male) |
| 6:46 | Create | Villager (Male) |
| 6:52 | Build | House |
| 7:17 | Build | Mining Camp |
| 7:23 | Create | Villager (Male) |
| 7:44 | Create | Villager (Male) |
| 8:13 | Research | Feudal Age |
| 10:30 | Create | Villager (Male) |
| 10:30 | Create | Villager (Male) |
| 10:30 | Create | Villager (Male) |
| 10:31 | Age | Feudal Age |
| 10:38 | Build | Market |
| 10:41 | Build | Blacksmith |
| 11:34 | Research | Castle Age |
| 12:15 | Build | House |
| 13:52 | Research | Loom |
| 14:14 | Age | Castle Age |
| 14:19 | Build | Castle |
| 14:25 | Build | Castle |
| 14:26 | Create | Villager (Male) |
| 14:27 | Create | Villager (Male) |
| 14:27 | Create | Villager (Male) |
| 14:42 | Build | Siege Workshop |
| 15:09 | Create | Villager (Male) |
| 15:09 | Create | Villager (Male) |
| 15:13 | Build | Mining Camp |
| 15:17 | Build | Mining Camp |
| 15:26 | Build | Mill |
| 15:50 | Create | Battering Ram |
| 15:51 | Create | Battering Ram |
| 15:51 | Create | Villager (Male) |
| 15:52 | Create | Villager (Male) |
| 15:52 | Create | Villager (Male) |
| 15:52 | Create | Villager (Male) |
| 16:17 | Create | Genoese Crossbowman |
| 16:17 | Create | Genoese Crossbowman |
| 16:18 | Create | Genoese Crossbowman |
| 16:21 | Create | Villager (Male) |
| 16:21 | Create | Villager (Male) |
| 16:22 | Create | Villager (Male) |
| 16:24 | Build | Farm |
| 16:38 | Create | Genoese Crossbowman |
| 16:38 | Create | Genoese Crossbowman |
| 16:38 | Create | Genoese Crossbowman |
| 16:41 | Create | Villager (Male) |
| 16:41 | Create | Villager (Male) |
| 16:41 | Create | Villager (Male) |
| 17:07 | Create | Genoese Crossbowman |
| 17:07 | Create | Genoese Crossbowman |
| 17:07 | Create | Genoese Crossbowman |
| 17:13 | Create | Villager (Male) |
| 17:13 | Create | Villager (Male) |
| 17:14 | Create | Villager (Male) |
| 17:16 | Build | Farm |
| 17:39 | Create | Genoese Crossbowman |
| 17:39 | Create | Genoese Crossbowman |
| 17:40 | Create | Genoese Crossbowman |
| 17:44 | Create | Villager (Male) |
| 17:44 | Create | Villager (Male) |
| 17:45 | Create | Villager (Male) |
| 17:45 | Create | Villager (Male) |
| 18:01 | Create | Villager (Male) |
| 18:01 | Create | Villager (Male) |
| 18:01 | Create | Villager (Male) |
| 18:02 | Create | Villager (Male) |
| 18:04 | Build | Farm |
| 18:18 | Create | Genoese Crossbowman |
| 18:18 | Create | Genoese Crossbowman |
| 18:18 | Create | Genoese Crossbowman |
| 18:31 | Create | Villager (Male) |
| 18:32 | Create | Villager (Male) |
| 18:40 | Build | Farm |
| 18:56 | Build | Farm |
| 19:27 | Build | Farm |
| 19:45 | Build | Farm |
| 20:14 | Build | Mining Camp |
| 20:46 | Build | Farm |
| 21:02 | Build | Farm |
| 21:50 | Research | Imperial Age |
| 21:51 | Research | Imperial Age |
| 21:51 | Research | Imperial Age |
| 22:09 | Create | Mangonel |
| 22:09 | Create | Mangonel |
| 22:09 | Create | Mangonel |
| 22:10 | Create | Genoese Crossbowman |
| 22:10 | Create | Genoese Crossbowman |
| 22:11 | Create | Genoese Crossbowman |
| 22:18 | Create | Villager (Male) |
| 22:18 | Create | Villager (Male) |
| 22:19 | Create | Villager (Male) |
| 22:35 | Build | Lumber Camp |
| 22:46 | Research | Fletching |
| 22:48 | Create | Villager (Male) |
| 22:48 | Create | Villager (Male) |
| 22:48 | Create | Villager (Male) |
| 22:49 | Create | Villager (Male) |
| 23:01 | Create | Genoese Crossbowman |
| 23:01 | Create | Genoese Crossbowman |
| 23:01 | Create | Genoese Crossbowman |
| 23:20 | Create | Genoese Crossbowman |
| 23:20 | Create | Genoese Crossbowman |
| 23:20 | Create | Genoese Crossbowman |
| 23:21 | Create | Genoese Crossbowman |
| 23:28 | Create | Villager (Male) |
| 23:28 | Create | Villager (Male) |
| 23:28 | Create | Villager (Male) |
Build order — Fox
First 150 of 353 actions detected
| 0:01 | Create | Villager (Male) |
| 0:01 | Create | Villager (Male) |
| 0:03 | Build | House |
| 0:04 | Build | House |
| 0:05 | Build | House |
| 0:06 | Create | Villager (Male) |
| 0:06 | Create | Villager (Male) |
| 1:27 | Create | Villager (Male) |
| 1:28 | Create | Villager (Male) |
| 1:45 | Build | Lumber Camp |
| 2:01 | Create | Villager (Male) |
| 2:01 | Create | Villager (Male) |
| 2:19 | Create | Villager (Male) |
| 2:19 | Create | Villager (Male) |
| 2:49 | Create | Villager (Male) |
| 2:49 | Create | Villager (Male) |
| 3:06 | Create | Villager (Male) |
| 3:06 | Create | Villager (Male) |
| 3:38 | Create | Villager (Male) |
| 3:38 | Create | Villager (Male) |
| 3:57 | Research | Loom |
| 3:58 | Research | Loom |
| 4:01 | Create | Villager (Male) |
| 4:21 | Create | Villager (Male) |
| 4:22 | Create | Villager (Male) |
| 4:39 | Create | Villager (Male) |
| 4:40 | Create | Villager (Male) |
| 4:40 | Create | Villager (Male) |
| 5:07 | Build | Mill |
| 5:16 | Create | Villager (Male) |
| 5:18 | Create | Villager (Male) |
| 5:18 | Create | Villager (Male) |
| 5:22 | Build | House |
| 5:27 | Build | House |
| 5:29 | Build | House |
| 5:33 | Create | Villager (Male) |
| 5:34 | Create | Villager (Male) |
| 5:41 | Build | Mining Camp |
| 6:56 | Build | Mill |
| 7:05 | Create | Villager (Male) |
| 7:05 | Create | Villager (Male) |
| 7:06 | Create | Villager (Male) |
| 7:06 | Create | Villager (Male) |
| 8:18 | Research | Feudal Age |
| 8:18 | Research | Feudal Age |
| 9:57 | Build | Farm |
| 9:58 | Build | Farm |
| 9:59 | Build | Farm |
| 10:00 | Build | Farm |
| 10:01 | Build | Farm |
| 10:03 | Build | Farm |
| 10:31 | Age | Feudal Age |
| 11:14 | Research | Castle Age |
| 11:14 | Research | Castle Age |
| 11:26 | Build | Stable |
| 11:51 | Build | Palisade Wall |
| 11:52 | Build | Palisade Wall |
| 12:00 | Research | Double-Bit Axe |
| 12:00 | Research | Double-Bit Axe |
| 12:47 | Build | House |
| 12:48 | Build | House |
| 12:50 | Create | Villager (Male) |
| 12:50 | Create | Villager (Male) |
| 12:51 | Create | Villager (Male) |
| 13:21 | Build | House |
| 13:54 | Age | Castle Age |
| 13:55 | Build | Town Center |
| 14:10 | Create | Knight |
| 14:11 | Create | Knight |
| 14:26 | Build | House |
| 14:47 | Create | Villager (Male) ×5 |
| 15:05 | Create | Knight |
| 15:14 | Create | Knight |
| 16:07 | Create | Knight |
| 16:07 | Create | Villager (Male) |
| 16:07 | Create | Villager (Male) |
| 16:17 | Create | Villager (Male) |
| 16:22 | Build | Town Center |
| 16:53 | Create | Villager (Male) ×4 |
| 17:01 | Build | Farm |
| 17:01 | Build | Farm |
| 17:01 | Build | Farm |
| 17:02 | Build | Farm |
| 17:02 | Build | Farm |
| 17:02 | Build | Farm |
| 17:02 | Build | Farm |
| 17:14 | Create | Knight |
| 17:26 | Build | Farm |
| 17:29 | Create | Villager (Male) |
| 17:29 | Create | Villager (Male) |
| 17:32 | Build | Farm |
| 17:55 | Create | Villager (Male) ×2 |
| 17:55 | Create | Villager (Male) ×2 |
| 18:01 | Build | Farm |
| 18:02 | Create | Villager (Male) |
| 18:02 | Create | Villager (Male) |
| 18:10 | Create | Villager (Male) |
| 18:10 | Create | Villager (Male) |
| 18:20 | Build | Farm |
| 18:22 | Create | Villager (Male) ×2 |
| 18:22 | Create | Villager (Male) ×2 |
| 18:26 | Build | Farm |
| 18:31 | Create | Villager (Male) |
| 18:50 | Build | Farm |
| 18:55 | Create | Villager (Male) ×2 |
| 18:55 | Create | Villager (Male) ×2 |
| 19:02 | Create | Villager (Male) |
| 19:15 | Create | Villager (Male) ×2 |
| 19:15 | Create | Villager (Male) ×2 |
| 19:33 | Research | Bow Saw |
| 19:33 | Research | Bow Saw |
| 19:45 | Build | Market |
| 19:47 | Create | Villager (Male) ×2 |
| 19:47 | Create | Villager (Male) ×2 |
| 19:47 | Create | Villager (Male) ×2 |
| 19:47 | Create | Villager (Male) ×2 |
| 19:48 | Create | Villager (Male) ×2 |
| 20:05 | Create | Villager (Male) ×2 |
| 20:06 | Create | Villager (Male) ×2 |
| 20:13 | Build | Farm |
| 20:14 | Build | Farm |
| 20:15 | Create | Villager (Male) |
| 20:16 | Create | Villager (Male) |
| 20:29 | Create | Villager (Male) |
| 20:35 | Build | House |
| 20:36 | Build | House |
| 20:37 | Build | House |
| 20:44 | Build | Farm |
| 20:44 | Build | Farm |
| 20:45 | Build | Farm |
| 20:45 | Build | Farm |
| 20:45 | Build | Farm |
| 20:54 | Research | Wheelbarrow |
| 21:02 | Create | Knight |
| 21:08 | Create | Knight |
| 21:08 | Create | Knight |
| 22:02 | Build | Gate |
| 22:04 | Build | Stone Wall |
| 22:14 | Build | Mining Camp |
| 22:16 | Build | House |
| 23:16 | Build | Gate |
| 23:32 | Create | Villager (Male) ×5 |
| 23:33 | Create | Villager (Male) ×5 |
| 23:40 | Build | Blacksmith |
| 23:54 | Research | Loom |
| 24:14 | Build | House |
| 24:27 | Research | Fletching |
| 24:27 | Research | Fletching |
| 24:38 | Create | Villager (Male) ×5 |
| 25:02 | Create | Villager (Male) ×5 |
Build order — qReey
First 150 of 275 actions detected
| 0:03 | Build | House |
| 0:05 | Build | House |
| 0:06 | Create | Villager (Male) |
| 0:06 | Create | Villager (Male) |
| 0:42 | Create | Villager (Male) |
| 0:42 | Create | Villager (Male) |
| 1:26 | Create | Villager (Male) |
| 1:58 | Build | Lumber Camp |
| 2:05 | Create | Villager (Male) |
| 2:26 | Create | Villager (Male) |
| 2:52 | Create | Villager (Male) |
| 3:13 | Create | Villager (Male) |
| 3:36 | Create | Villager (Male) |
| 4:03 | Build | House |
| 4:05 | Build | House |
| 4:11 | Create | Villager (Male) |
| 4:29 | Build | Mill |
| 4:50 | Create | Villager (Male) |
| 4:50 | Create | Villager (Male) |
| 5:31 | Create | Villager (Male) |
| 5:40 | Create | Villager (Male) |
| 5:52 | Create | Villager (Male) |
| 6:39 | Create | Villager (Male) |
| 6:56 | Build | Mill |
| 7:08 | Create | Villager (Male) |
| 7:23 | Build | Mining Camp |
| 7:39 | Create | Villager (Male) |
| 8:05 | Create | Villager (Male) |
| 8:13 | Create | Villager (Male) |
| 8:47 | Build | Mining Camp |
| 8:53 | Research | Feudal Age |
| 9:18 | Create | Villager (Male) |
| 9:24 | Create | Villager (Male) |
| 9:25 | Research | Loom |
| 9:45 | Build | House |
| 11:10 | Age | Feudal Age |
| 13:00 | Create | Villager (Male) |
| 13:03 | Build | Market |
| 13:07 | Build | Blacksmith |
| 13:26 | Create | Villager (Male) |
| 13:51 | Research | Castle Age |
| 13:52 | Research | Castle Age |
| 14:00 | Build | Farm |
| 14:00 | Build | Farm |
| 14:02 | Build | Farm |
| 14:02 | Build | Farm |
| 14:06 | Build | Farm |
| 14:31 | Build | Farm |
| 14:31 | Build | Farm |
| 14:32 | Build | Farm |
| 14:33 | Build | Farm |
| 14:34 | Build | Farm |
| 14:35 | Build | Farm |
| 14:50 | Build | House |
| 15:31 | Create | Villager (Male) |
| 15:32 | Create | Villager (Male) |
| 15:38 | Build | House |
| 15:39 | Build | House |
| 15:41 | Research | Double-Bit Axe |
| 16:15 | Create | Villager (Male) |
| 16:18 | Create | Villager (Male) |
| 16:19 | Create | Villager (Male) |
| 16:20 | Create | Villager (Male) |
| 16:31 | Age | Castle Age |
| 16:33 | Build | Castle |
| 17:00 | Research | Bow Saw |
| 17:09 | Build | House |
| 17:27 | Build | Town Center |
| 17:39 | Build | House |
| 17:48 | Research | Wheelbarrow |
| 18:02 | Build | Farm |
| 18:26 | Build | House |
| 18:54 | Create | Villager (Male) |
| 18:55 | Create | Villager (Male) |
| 18:56 | Create | Villager (Male) |
| 19:03 | Build | House |
| 19:14 | Create | Villager (Male) |
| 19:34 | Build | House |
| 19:36 | Build | House |
| 19:39 | Create | Villager (Male) |
| 19:41 | Create | Villager (Male) |
| 19:51 | Create | Villager (Male) |
| 20:05 | Build | House |
| 20:07 | Build | House |
| 20:07 | Build | House |
| 20:09 | Create | Villager (Male) |
| 20:29 | Create | Villager (Male) |
| 20:30 | Create | Villager (Male) |
| 20:47 | Create | Villager (Male) |
| 20:56 | Build | Monastery |
| 21:03 | Create | Villager (Male) |
| 21:03 | Create | Villager (Male) |
| 21:18 | Build | House |
| 21:33 | Create | Villager (Male) |
| 21:33 | Create | Villager (Male) |
| 21:37 | Build | Farm |
| 21:48 | Build | University |
| 21:52 | Build | House |
| 21:54 | Create | Villager (Male) |
| 21:55 | Create | Villager (Male) |
| 22:10 | Create | Villager (Male) |
| 22:11 | Create | Villager (Male) |
| 22:20 | Build | House |
| 22:22 | Build | House |
| 22:23 | Build | House |
| 22:36 | Create | Villager (Male) |
| 22:43 | Create | Villager (Male) |
| 23:08 | Create | Villager (Male) |
| 23:09 | Create | Villager (Male) |
| 23:30 | Create | Villager (Male) |
| 23:31 | Create | Villager (Male) |
| 23:40 | Build | Town Center |
| 23:48 | Build | Farm |
| 23:52 | Build | Farm |
| 23:58 | Create | Villager (Male) |
| 24:22 | Research | Imperial Age |
| 24:24 | Create | Villager (Male) |
| 24:32 | Build | House |
| 24:33 | Build | House |
| 24:34 | Build | House |
| 24:46 | Build | Barracks |
| 25:05 | Research | Fletching |
| 25:06 | Research | Padded Archer Armor |
| 25:17 | Build | House |
| 25:18 | Build | House |
| 25:19 | Build | House |
| 25:24 | Build | Archery Range |
| 25:29 | Build | Archery Range |
| 25:32 | Build | Archery Range |
| 25:33 | Build | Archery Range |
| 25:42 | Create | Villager (Male) ×4 |
| 25:51 | Create | Villager (Male) |
| 25:51 | Create | Villager (Male) |
| 25:58 | Research | Ballistics |
| 26:12 | Research | Bodkin Arrow |
| 26:19 | Create | Villager (Male) |
| 26:19 | Create | Villager (Male) |
| 26:23 | Build | Farm |
| 26:23 | Build | Farm |
| 26:24 | Build | Farm |
| 26:31 | Create | Villager (Male) |
| 26:32 | Create | Villager (Male) |
| 26:36 | Create | Villager (Male) |
| 26:37 | Create | Villager (Male) |
| 26:43 | Create | Villager (Male) |
| 26:43 | Create | Villager (Male) |
| 26:51 | Build | Farm |
| 26:51 | Build | Farm |
| 26:52 | Build | Farm |
| 26:52 | Build | Farm |
Build order — GDL-arlekin_
First 150 of 371 actions detected
| 0:02 | Create | Villager (Male) |
| 0:02 | Create | Villager (Male) |
| 0:03 | Create | Villager (Male) |
| 0:03 | Create | Villager (Male) |
| 0:04 | Build | House |
| 0:06 | Build | House |
| 1:29 | Create | Villager (Male) |
| 1:30 | Create | Villager (Male) |
| 1:46 | Build | Lumber Camp |
| 1:48 | Create | Villager (Male) |
| 1:49 | Create | Villager (Male) |
| 1:49 | Create | Villager (Male) |
| 2:16 | Create | Villager (Male) |
| 2:16 | Create | Villager (Male) |
| 2:48 | Create | Villager (Male) |
| 3:03 | Create | Villager (Male) |
| 3:34 | Create | Villager (Male) |
| 3:59 | Create | Villager (Male) |
| 4:16 | Build | House |
| 4:22 | Create | Villager (Male) |
| 4:49 | Build | Mill |
| 4:53 | Create | Villager (Male) |
| 5:22 | Create | Villager (Male) |
| 5:43 | Create | Villager (Male) |
| 6:06 | Build | Mill |
| 6:09 | Build | House |
| 6:12 | Create | Villager (Male) |
| 6:32 | Create | Villager (Male) |
| 6:54 | Build | Mining Camp |
| 6:57 | Create | Villager (Male) |
| 7:35 | Create | Villager (Male) |
| 7:55 | Build | Mining Camp |
| 8:00 | Create | Villager (Male) |
| 8:28 | Research | Feudal Age |
| 9:26 | Build | House |
| 10:39 | Age | Feudal Age |
| 10:42 | Create | Villager (Male) |
| 10:47 | Build | Market |
| 10:53 | Build | Blacksmith |
| 11:01 | Create | Villager (Male) |
| 11:34 | Create | Villager (Male) |
| 11:54 | Research | Loom |
| 12:15 | Build | House |
| 12:28 | Research | Castle Age |
| 13:59 | Build | Farm |
| 14:16 | Build | Farm |
| 14:18 | Build | Farm |
| 14:21 | Build | Farm |
| 14:57 | Build | Farm |
| 15:01 | Build | Farm |
| 15:04 | Create | Villager (Male) |
| 15:08 | Age | Castle Age |
| 15:20 | Build | Castle |
| 15:35 | Build | Castle |
| 15:39 | Build | House |
| 15:39 | Create | Villager (Male) |
| 15:43 | Build | Palisade Gate |
| 15:45 | Build | House |
| 15:54 | Build | Palisade Wall |
| 15:55 | Create | Villager (Male) |
| 15:57 | Create | Villager (Male) |
| 16:14 | Create | Villager (Male) |
| 16:48 | Create | Conquistador |
| 16:49 | Create | Conquistador |
| 17:00 | Build | Mining Camp |
| 17:02 | Create | Conquistador |
| 17:09 | Create | Villager (Male) |
| 17:23 | Create | Villager (Male) |
| 17:36 | Create | Villager (Male) |
| 17:52 | Create | Petard |
| 17:57 | Create | Villager (Male) |
| 17:59 | Build | Farm |
| 18:07 | Create | Conquistador |
| 18:08 | Create | Conquistador |
| 18:13 | Build | Farm |
| 18:42 | Build | Farm |
| 18:45 | Create | Villager (Male) |
| 19:00 | Create | Conquistador |
| 19:04 | Build | Farm |
| 19:16 | Create | Conquistador |
| 19:21 | Create | Villager (Male) |
| 19:33 | Create | Petard |
| 19:37 | Build | Farm |
| 19:42 | Create | Villager (Male) |
| 19:58 | Create | Petard |
| 20:11 | Create | Conquistador |
| 20:18 | Create | Villager (Male) |
| 20:24 | Create | Villager (Male) |
| 20:43 | Create | Petard |
| 20:53 | Create | Conquistador |
| 20:55 | Create | Villager (Male) |
| 20:57 | Build | Farm |
| 20:59 | Build | Farm |
| 21:26 | Research | Double-Bit Axe |
| 21:42 | Create | Villager (Male) |
| 21:47 | Create | Conquistador |
| 22:03 | Create | Villager (Male) |
| 22:04 | Create | Villager (Male) |
| 22:17 | Create | Villager (Male) |
| 22:25 | Create | Conquistador |
| 22:32 | Create | Villager (Male) |
| 23:00 | Create | Conquistador |
| 23:01 | Create | Villager (Male) |
| 23:14 | Build | Castle |
| 23:17 | Create | Villager (Male) |
| 23:24 | Research | Padded Archer Armor |
| 23:26 | Create | Villager (Male) |
| 23:29 | Build | Farm |
| 23:46 | Create | Conquistador |
| 23:46 | Create | Conquistador |
| 23:54 | Create | Villager (Male) |
| 23:54 | Create | Villager (Male) |
| 24:18 | Create | Villager (Male) |
| 24:23 | Create | Villager (Male) |
| 24:25 | Build | Farm |
| 24:27 | Build | Farm |
| 24:38 | Create | Conquistador |
| 24:46 | Build | House |
| 24:48 | Build | House |
| 24:51 | Build | House |
| 24:55 | Build | House |
| 25:00 | Build | House |
| 25:02 | Create | Villager (Male) |
| 25:02 | Create | Villager (Male) |
| 25:12 | Build | Farm |
| 25:16 | Create | Villager (Male) |
| 25:31 | Build | Farm |
| 25:44 | Research | Horse Collar |
| 25:46 | Create | Villager (Male) |
| 26:14 | Build | Mining Camp |
| 26:23 | Research | Wheelbarrow |
| 26:39 | Create | Petard |
| 26:39 | Create | Petard |
| 26:40 | Create | Villager (Male) |
| 26:42 | Build | Farm |
| 26:51 | Research | Leather Archer Armor |
| 26:53 | Create | Conquistador |
| 26:54 | Create | Conquistador |
| 27:15 | Create | Petard |
| 27:15 | Create | Petard |
| 27:17 | Create | Villager (Male) |
| 27:20 | Build | Lumber Camp |
| 27:26 | Research | Gold Mining |
| 27:51 | Create | Conquistador |
| 28:20 | Build | Town Center |
| 28:21 | Create | Villager (Male) |
| 29:34 | Create | Villager (Male) |
| 29:37 | Build | Farm |
| 29:40 | Build | Farm |
| 30:05 | Research | Imperial Age |
Build order — Usta Yoda
First 150 of 363 actions detected
| 0:00 | Create | Villager (Male) |
| 0:00 | Create | Villager (Male) |
| 0:01 | Build | House |
| 0:03 | Build | House |
| 0:12 | Create | Villager (Male) |
| 0:30 | Create | Villager (Male) |
| 0:30 | Create | Villager (Male) |
| 1:08 | Create | Villager (Male) |
| 1:31 | Create | Villager (Male) |
| 1:44 | Build | Lumber Camp |
| 1:58 | Create | Villager (Male) |
| 2:26 | Create | Villager (Male) |
| 3:02 | Create | Villager (Male) |
| 3:27 | Build | House |
| 3:31 | Create | Villager (Male) |
| 3:31 | Create | Villager (Male) |
| 3:59 | Create | Villager (Male) |
| 3:59 | Create | Villager (Male) |
| 4:31 | Create | Villager (Male) |
| 4:34 | Create | Villager (Male) |
| 4:34 | Create | Villager (Male) |
| 4:34 | Create | Villager (Male) |
| 4:54 | Create | Villager (Male) |
| 5:11 | Build | House |
| 5:14 | Build | House |
| 5:26 | Create | Villager (Male) |
| 5:28 | Build | Mill |
| 5:43 | Create | Villager (Male) |
| 5:43 | Create | Villager (Male) |
| 6:16 | Create | Villager (Male) |
| 6:37 | Create | Villager (Male) |
| 6:46 | Build | Farm |
| 6:59 | Create | Villager (Male) |
| 7:06 | Build | Farm |
| 7:31 | Build | Farm |
| 7:51 | Build | Farm |
| 7:56 | Create | Villager (Male) |
| 8:38 | Build | Mining Camp |
| 8:57 | Research | Feudal Age |
| 10:25 | Create | Villager (Male) |
| 11:20 | Age | Feudal Age |
| 11:21 | Build | Market |
| 11:22 | Build | Blacksmith |
| 11:50 | Create | Villager (Male) |
| 12:08 | Research | Castle Age |
| 12:08 | Research | Castle Age |
| 12:14 | Research | Double-Bit Axe |
| 12:16 | Research | Horse Collar |
| 12:29 | Create | Villager (Male) |
| 12:36 | Build | House |
| 12:37 | Build | House |
| 12:38 | Build | House |
| 12:39 | Build | House |
| 14:26 | Build | House |
| 14:48 | Age | Castle Age |
| 15:10 | Create | Villager (Male) |
| 15:13 | Build | Farm |
| 15:20 | Build | Town Center |
| 15:23 | Build | Town Center |
| 15:27 | Research | Bow Saw |
| 15:29 | Research | Heavy Plow |
| 15:32 | Create | Villager (Male) |
| 15:44 | Build | House |
| 15:45 | Build | House |
| 15:57 | Create | Villager (Male) |
| 16:05 | Build | Farm |
| 16:06 | Build | Farm |
| 16:20 | Create | Villager (Male) |
| 16:20 | Create | Villager (Male) |
| 16:20 | Create | Villager (Male) |
| 16:21 | Create | Villager (Male) |
| 16:21 | Create | Villager (Male) |
| 16:45 | Build | House |
| 16:47 | Build | House |
| 16:53 | Build | Farm |
| 17:06 | Build | Farm |
| 17:10 | Build | Farm |
| 17:11 | Create | Villager (Male) |
| 17:12 | Create | Villager (Male) |
| 17:12 | Create | Villager (Male) |
| 17:12 | Create | Villager (Male) |
| 17:24 | Create | Villager (Male) |
| 17:34 | Build | Farm |
| 17:35 | Build | Farm |
| 17:37 | Build | Farm |
| 17:51 | Build | Farm |
| 17:54 | Create | Villager (Male) |
| 17:54 | Create | Villager (Male) |
| 17:59 | Build | Farm |
| 18:00 | Create | Villager (Male) |
| 18:01 | Create | Villager (Male) |
| 18:11 | Build | Farm |
| 18:35 | Create | Villager (Male) |
| 18:38 | Build | House |
| 18:38 | Build | House |
| 18:41 | Build | Farm |
| 18:42 | Build | Farm |
| 18:51 | Research | Wheelbarrow |
| 18:52 | Create | Villager (Male) |
| 19:05 | Create | Villager (Male) |
| 19:06 | Create | Villager (Male) |
| 19:08 | Build | Farm |
| 19:09 | Build | Farm |
| 19:12 | Build | Farm |
| 19:14 | Build | Farm |
| 19:15 | Build | Farm |
| 19:17 | Build | Farm |
| 19:22 | Create | Villager (Male) |
| 19:30 | Create | Villager (Male) |
| 19:30 | Create | Villager (Male) |
| 19:35 | Build | Farm |
| 19:39 | Build | House |
| 19:40 | Build | House |
| 19:49 | Create | Villager (Male) |
| 20:03 | Create | Villager (Male) |
| 20:04 | Create | Villager (Male) |
| 20:11 | Build | Town Center |
| 20:17 | Create | Villager (Male) |
| 20:17 | Create | Villager (Male) |
| 20:17 | Create | Villager (Male) |
| 20:27 | Research | Loom |
| 20:40 | Build | Siege Workshop |
| 20:42 | Create | Villager (Male) |
| 20:42 | Create | Villager (Male) |
| 20:43 | Create | Villager (Male) |
| 20:43 | Create | Villager (Male) |
| 20:43 | Create | Villager (Male) |
| 21:05 | Create | Mangonel |
| 21:12 | Create | Villager (Male) |
| 21:13 | Create | Villager (Male) |
| 21:13 | Create | Villager (Male) |
| 21:16 | Build | Farm |
| 21:17 | Build | Farm |
| 21:21 | Build | Farm |
| 21:23 | Build | Farm |
| 21:24 | Create | Villager (Male) |
| 21:24 | Create | Villager (Male) |
| 21:28 | Build | House |
| 21:43 | Create | Villager (Male) |
| 21:49 | Build | Mining Camp |
| 21:51 | Create | Villager (Male) |
| 21:51 | Create | Villager (Male) |
| 21:52 | Create | Villager (Male) |
| 21:57 | Build | Farm |
| 21:58 | Build | Farm |
| 22:09 | Create | Villager (Male) |
| 22:10 | Create | Villager (Male) |
| 22:14 | Build | House |
| 22:15 | Build | House |
| 22:22 | Research | Hand Cart |
Build order — Soy Un Therian
First 150 of 423 actions detected
| 0:00 | Create | Villager (Male) |
| 0:00 | Create | Villager (Male) |
| 0:01 | Create | Villager (Male) |
| 0:02 | Build | House |
| 0:04 | Build | House |
| 0:15 | Create | Villager (Male) |
| 1:27 | Create | Villager (Male) |
| 1:27 | Create | Villager (Male) |
| 1:47 | Build | Lumber Camp |
| 2:03 | Create | Villager (Male) |
| 2:03 | Create | Villager (Male) |
| 2:15 | Create | Villager (Male) |
| 2:16 | Create | Villager (Male) |
| 2:49 | Create | Villager (Male) |
| 2:50 | Create | Villager (Male) |
| 3:05 | Create | Villager (Male) |
| 3:06 | Create | Villager (Male) |
| 3:33 | Create | Villager (Male) |
| 3:50 | Build | House |
| 4:07 | Create | Villager (Male) |
| 4:07 | Create | Villager (Male) |
| 4:13 | Build | Mill |
| 4:18 | Build | House |
| 4:23 | Build | Mill |
| 4:25 | Create | Villager (Male) |
| 4:26 | Create | Villager (Male) |
| 4:44 | Build | Palisade Gate |
| 4:48 | Build | Palisade Gate |
| 4:54 | Build | Palisade Gate |
| 5:00 | Create | Villager (Male) |
| 5:07 | Build | House |
| 5:11 | Create | Villager (Male) |
| 5:11 | Create | Villager (Male) |
| 5:30 | Create | Villager (Male) |
| 5:31 | Create | Villager (Male) |
| 5:44 | Create | Villager (Male) |
| 5:45 | Create | Villager (Male) |
| 5:56 | Build | House |
| 5:58 | Build | House |
| 6:42 | Create | Villager (Male) |
| 6:52 | Create | Villager (Male) |
| 6:53 | Create | Villager (Male) |
| 7:06 | Create | Villager (Male) |
| 7:06 | Create | Villager (Male) |
| 7:07 | Create | Villager (Male) |
| 7:07 | Create | Villager (Male) |
| 7:07 | Create | Villager (Male) |
| 8:29 | Research | Feudal Age |
| 8:29 | Research | Feudal Age |
| 9:32 | Build | House |
| 10:11 | Build | Barracks |
| 10:34 | Create | Villager (Male) |
| 10:35 | Create | Villager (Male) |
| 10:55 | Age | Feudal Age |
| 10:59 | Build | Stable |
| 11:02 | Build | Blacksmith |
| 12:08 | Research | Castle Age |
| 12:08 | Research | Castle Age |
| 12:13 | Build | Mining Camp |
| 12:40 | Build | Farm |
| 12:40 | Build | Farm |
| 12:40 | Build | Farm |
| 12:40 | Build | Farm |
| 12:47 | Build | Farm |
| 12:48 | Build | Farm |
| 13:24 | Build | Farm |
| 13:29 | Build | Farm |
| 13:40 | Research | Double-Bit Axe |
| 13:40 | Research | Double-Bit Axe |
| 13:58 | Research | Horse Collar |
| 13:58 | Research | Horse Collar |
| 14:02 | Create | Villager (Male) |
| 14:08 | Build | Farm |
| 14:48 | Age | Castle Age |
| 14:50 | Create | Knight |
| 14:50 | Create | Knight |
| 14:53 | Create | Villager (Male) |
| 15:00 | Build | Farm |
| 15:00 | Build | Farm |
| 15:00 | Build | Farm |
| 15:00 | Build | Farm |
| 15:06 | Create | Knight |
| 15:07 | Create | Knight |
| 15:14 | Create | Knight |
| 15:34 | Create | Knight |
| 15:43 | Create | Villager (Male) |
| 16:03 | Create | Knight |
| 16:05 | Create | Villager (Male) |
| 16:26 | Create | Villager (Male) |
| 16:29 | Build | Farm |
| 16:32 | Build | Farm |
| 16:32 | Build | Farm |
| 16:32 | Build | Farm |
| 16:33 | Build | Farm |
| 16:33 | Build | Farm |
| 16:54 | Create | Villager (Male) |
| 16:58 | Create | Knight |
| 16:58 | Create | Knight |
| 16:58 | Create | Knight |
| 17:11 | Build | Farm |
| 17:17 | Build | Farm |
| 17:18 | Create | Villager (Male) |
| 17:18 | Create | Villager (Male) |
| 17:33 | Create | Villager (Male) |
| 17:40 | Research | Wheelbarrow |
| 17:42 | Create | Knight |
| 17:42 | Create | Knight |
| 18:01 | Create | Villager (Male) |
| 18:19 | Research | Bow Saw |
| 18:25 | Build | House |
| 18:48 | Create | Villager (Male) |
| 18:55 | Research | Scale Barding Armor |
| 18:55 | Research | Scale Barding Armor |
| 19:04 | Create | Knight |
| 19:06 | Create | Villager (Male) |
| 19:15 | Create | Knight |
| 19:28 | Build | Farm |
| 19:45 | Create | Villager (Male) |
| 19:49 | Build | Farm |
| 19:54 | Create | Villager (Male) |
| 19:55 | Create | Knight |
| 20:04 | Build | Town Center |
| 20:15 | Build | House |
| 20:27 | Research | Town Watch |
| 20:27 | Research | Town Watch |
| 20:46 | Create | Villager (Male) |
| 20:47 | Create | Villager (Male) |
| 20:48 | Create | Knight |
| 20:49 | Create | Knight |
| 20:49 | Create | Knight |
| 21:21 | Create | Villager (Male) |
| 21:22 | Create | Villager (Male) |
| 21:39 | Research | Hand Cart |
| 21:39 | Research | Hand Cart |
| 21:58 | Create | Knight |
| 21:58 | Create | Knight |
| 22:00 | Create | Villager (Male) |
| 22:00 | Create | Villager (Male) |
| 22:01 | Create | Villager (Male) |
| 22:03 | Build | Farm |
| 22:45 | Research | Chain Barding Armor |
| 22:46 | Research | Chain Barding Armor |
| 22:48 | Create | Villager (Male) |
| 22:49 | Create | Villager (Male) |
| 23:06 | Create | Villager (Male) |
| 23:10 | Build | House |
| 23:11 | Build | House |
| 23:33 | Create | Villager (Male) |
| 23:33 | Create | Villager (Male) |
| 23:40 | Build | Lumber Camp |
Build order — 莫莫
First 150 of 214 actions detected
| 0:02 | Create | Villager (Male) ×4 |
| 0:03 | Create | Villager (Male) ×4 |
| 0:04 | Build | House |
| 0:05 | Build | House |
| 1:38 | Create | Villager (Male) |
| 1:38 | Create | Villager (Male) |
| 2:08 | Create | Villager (Male) |
| 2:09 | Create | Villager (Male) |
| 2:21 | Create | Villager (Male) |
| 2:21 | Create | Villager (Male) |
| 2:53 | Create | Villager (Male) |
| 2:54 | Create | Villager (Male) |
| 3:03 | Build | Lumber Camp |
| 3:17 | Create | Villager (Male) |
| 3:34 | Create | Villager (Male) |
| 3:35 | Create | Villager (Male) |
| 3:58 | Build | House |
| 3:59 | Build | House |
| 4:14 | Create | Villager (Male) |
| 4:14 | Create | Villager (Male) |
| 4:50 | Build | Mill |
| 4:52 | Create | Villager (Male) |
| 4:53 | Create | Villager (Male) |
| 4:53 | Create | Villager (Male) |
| 4:53 | Create | Villager (Male) |
| 6:26 | Create | Villager (Male) |
| 6:26 | Create | Villager (Male) |
| 6:55 | Build | Mining Camp |
| 7:18 | Research | Feudal Age |
| 8:19 | Build | Mill |
| 8:21 | Create | Villager (Male) ×5 |
| 8:22 | Create | Villager (Male) ×5 |
| 9:28 | Age | Feudal Age |
| 9:30 | Create | Villager (Male) |
| 9:30 | Create | Villager (Male) |
| 9:31 | Create | Villager (Male) |
| 9:40 | Build | Blacksmith |
| 9:54 | Build | Market |
| 10:12 | Build | House |
| 10:55 | Build | Mining Camp |
| 12:04 | Research | Castle Age |
| 12:06 | Build | Farm |
| 12:24 | Build | Farm |
| 12:25 | Build | Farm |
| 13:08 | Research | Double-Bit Axe |
| 14:44 | Age | Castle Age |
| 14:53 | Build | Siege Workshop |
| 14:56 | Create | Villager (Male) |
| 14:56 | Create | Villager (Male) |
| 14:57 | Create | Villager (Male) |
| 14:57 | Create | Villager (Male) |
| 14:57 | Create | Villager (Male) |
| 15:17 | Build | Lumber Camp |
| 15:26 | Create | Mangonel |
| 15:26 | Create | Mangonel |
| 16:06 | Build | Castle |
| 16:11 | Create | Villager (Male) |
| 16:11 | Create | Villager (Male) |
| 16:11 | Create | Villager (Male) |
| 16:12 | Create | Villager (Male) |
| 16:12 | Create | Villager (Male) |
| 16:22 | Research | Loom |
| 16:24 | Build | Farm |
| 16:26 | Build | Farm |
| 17:14 | Create | Samurai ×4 |
| 17:15 | Create | Samurai ×4 |
| 17:30 | Create | Villager (Male) |
| 17:30 | Create | Villager (Male) |
| 17:31 | Create | Villager (Male) |
| 17:39 | Build | Farm |
| 17:39 | Build | Farm |
| 17:39 | Build | Farm |
| 17:40 | Build | Farm |
| 17:40 | Build | Farm |
| 17:52 | Build | Farm |
| 17:55 | Build | Farm |
| 17:58 | Create | Villager (Male) |
| 18:24 | Build | Farm |
| 18:24 | Build | Farm |
| 18:28 | Create | Villager (Male) |
| 18:28 | Create | Villager (Male) |
| 18:34 | Build | House |
| 18:35 | Build | House |
| 18:47 | Build | Stone Wall |
| 18:55 | Build | Farm |
| 19:21 | Build | Stone Wall |
| 19:28 | Create | Villager (Male) |
| 19:36 | Build | Farm |
| 19:38 | Create | Villager (Male) |
| 19:57 | Build | Mining Camp |
| 20:05 | Build | Farm |
| 20:35 | Create | Villager (Male) |
| 20:48 | Build | Stone Wall |
| 20:56 | Create | Villager (Male) |
| 21:04 | Build | Mill |
| 21:04 | Build | Farm |
| 21:05 | Build | Farm |
| 21:05 | Build | Farm |
| 21:05 | Build | Farm |
| 21:06 | Build | Farm |
| 21:06 | Build | Farm |
| 21:29 | Create | Villager (Male) |
| 21:38 | Build | Farm |
| 22:05 | Build | Farm |
| 22:18 | Build | Farm |
| 22:22 | Create | Villager (Male) |
| 22:37 | Create | Villager (Male) |
| 23:20 | Research | Imperial Age |
| 23:24 | Build | Mining Camp |
| 23:47 | Research | Bow Saw |
| 23:50 | Research | Gold Mining |
| 24:24 | Build | House |
| 24:25 | Build | House |
| 24:49 | Build | House |
| 24:49 | Build | House |
| 24:59 | Research | Fletching |
| 25:00 | Research | Padded Archer Armor |
| 25:22 | Create | Mangonel |
| 26:03 | Build | House |
| 26:30 | Age | Imperial Age |
| 26:34 | Create | Trebuchet (Packed) |
| 26:41 | Create | Villager (Male) |
| 26:41 | Create | Villager (Male) |
| 26:41 | Create | Villager (Male) |
| 26:41 | Create | Villager (Male) |
| 27:10 | Create | Villager (Male) |
| 27:24 | Create | Trebuchet (Packed) |
| 27:45 | Create | Villager (Male) |
| 27:46 | Create | Villager (Male) |
| 27:46 | Create | Villager (Male) |
| 28:17 | Build | Barracks |
| 28:46 | Create | Mangonel |
| 28:49 | Build | House |
| 28:50 | Build | House |
| 29:40 | Create | Villager (Male) |
| 29:40 | Create | Villager (Male) |
| 29:41 | Create | Villager (Male) |
| 29:41 | Create | Villager (Male) |
| 30:09 | Build | Archery Range |
| 30:10 | Build | Archery Range |
| 30:58 | Create | Villager (Male) |
| 30:59 | Create | Villager (Male) |
| 30:59 | Create | Villager (Male) |
| 31:01 | Build | House |
| 31:02 | Build | House |
| 31:13 | Build | Archery Range |
| 31:32 | Build | Archery Range |
| 31:37 | Build | Blacksmith |
| 31:44 | Build | House |
| 32:51 | Build | Town Center |
Build order — Overrated BO's
First 150 of 407 actions detected
| 0:01 | Create | Villager (Male) |
| 0:02 | Build | House |
| 0:03 | Build | House |
| 0:08 | Create | Villager (Male) |
| 0:09 | Create | Villager (Male) |
| 0:10 | Create | Villager (Male) |
| 0:21 | Create | Villager (Male) |
| 1:21 | Create | Villager (Male) |
| 2:02 | Create | Villager (Male) |
| 2:06 | Build | Lumber Camp |
| 2:33 | Create | Villager (Male) |
| 2:34 | Create | Villager (Male) |
| 2:34 | Create | Villager (Male) |
| 3:15 | Create | Villager (Male) |
| 3:16 | Create | Villager (Male) |
| 3:43 | Build | House |
| 3:44 | Build | House |
| 4:06 | Create | Villager (Male) |
| 4:29 | Create | Villager (Male) |
| 4:39 | Build | Mill |
| 4:46 | Create | Villager (Male) |
| 4:53 | Build | House |
| 5:01 | Create | Villager (Male) |
| 5:54 | Create | Villager (Male) |
| 6:00 | Create | Villager (Male) |
| 6:13 | Create | Villager (Male) |
| 6:52 | Create | Villager (Male) |
| 7:12 | Create | Villager (Male) |
| 7:52 | Create | Villager (Male) |
| 7:52 | Create | Villager (Male) |
| 8:11 | Build | Mining Camp |
| 8:11 | Create | Villager (Male) |
| 8:40 | Research | Feudal Age |
| 8:49 | Build | Farm |
| 8:51 | Build | Farm |
| 8:54 | Build | Farm |
| 9:21 | Build | Farm |
| 10:23 | Create | Villager (Male) |
| 10:23 | Create | Villager (Male) |
| 10:48 | Age | Feudal Age |
| 10:51 | Build | Market |
| 10:56 | Build | Blacksmith |
| 11:44 | Research | Castle Age |
| 11:44 | Research | Castle Age |
| 11:46 | Create | Villager (Male) |
| 12:04 | Research | Double-Bit Axe |
| 12:17 | Research | Horse Collar |
| 12:17 | Research | Horse Collar |
| 12:24 | Build | Farm |
| 12:29 | Build | Farm |
| 13:32 | Build | House |
| 13:34 | Build | House |
| 14:00 | Create | Villager (Male) |
| 14:09 | Age | Castle Age |
| 14:12 | Build | Town Center |
| 14:24 | Build | Town Center |
| 14:35 | Create | Villager (Male) |
| 14:38 | Create | Villager (Male) |
| 14:42 | Build | Farm |
| 14:51 | Build | House |
| 14:52 | Build | House |
| 14:59 | Create | Villager (Male) |
| 15:13 | Build | Farm |
| 15:33 | Build | Farm |
| 15:33 | Create | Villager (Male) |
| 15:36 | Create | Villager (Male) |
| 15:42 | Create | Villager (Male) |
| 15:45 | Create | Villager (Male) |
| 15:45 | Create | Villager (Male) |
| 15:46 | Create | Villager (Male) |
| 15:49 | Build | Farm |
| 16:02 | Build | Farm |
| 16:05 | Build | Farm |
| 16:05 | Create | Villager (Male) |
| 16:07 | Build | House |
| 16:09 | Create | Villager (Male) |
| 16:16 | Build | Farm |
| 16:22 | Build | Farm |
| 16:24 | Create | Villager (Male) |
| 16:29 | Build | Farm |
| 16:32 | Create | Villager (Male) |
| 16:32 | Create | Villager (Male) |
| 16:38 | Build | Farm |
| 16:50 | Build | Farm |
| 16:56 | Create | Villager (Male) |
| 16:57 | Create | Villager (Male) |
| 16:57 | Create | Villager (Male) |
| 17:00 | Build | Farm |
| 17:00 | Create | Villager (Male) |
| 17:03 | Build | Farm |
| 17:10 | Create | Villager (Male) |
| 17:10 | Create | Villager (Male) |
| 17:15 | Build | Farm |
| 17:19 | Build | Farm |
| 17:22 | Build | Farm |
| 17:22 | Create | Villager (Male) |
| 17:26 | Build | Farm |
| 17:33 | Create | Villager (Male) |
| 17:39 | Build | Farm |
| 17:43 | Create | Villager (Male) |
| 17:43 | Create | Villager (Male) |
| 17:47 | Build | Farm |
| 17:47 | Create | Villager (Male) |
| 17:48 | Create | Villager (Male) |
| 18:02 | Create | Villager (Male) |
| 18:06 | Create | Villager (Male) |
| 18:11 | Build | Mining Camp |
| 18:13 | Create | Villager (Male) |
| 18:16 | Build | House |
| 18:17 | Build | House |
| 18:20 | Create | Villager (Male) |
| 18:24 | Build | Farm |
| 18:29 | Build | Farm |
| 18:29 | Create | Villager (Male) |
| 18:34 | Create | Villager (Male) |
| 18:40 | Create | Villager (Male) |
| 18:44 | Build | Farm |
| 18:47 | Build | Farm |
| 18:53 | Create | Villager (Male) |
| 18:58 | Build | Farm |
| 19:01 | Build | Farm |
| 19:01 | Create | Villager (Male) |
| 19:06 | Create | Villager (Male) |
| 19:06 | Create | Villager (Male) |
| 19:09 | Build | Farm |
| 19:21 | Build | Farm |
| 19:22 | Create | Villager (Male) |
| 19:22 | Create | Villager (Male) |
| 19:23 | Create | Villager (Male) |
| 19:25 | Create | Villager (Male) |
| 19:27 | Build | Farm |
| 19:27 | Build | Farm |
| 19:28 | Create | Villager (Male) |
| 19:31 | Build | House |
| 19:41 | Build | Farm |
| 19:45 | Build | Farm |
| 19:46 | Create | Villager (Male) |
| 19:51 | Build | Farm |
| 19:51 | Create | Villager (Male) |
| 19:52 | Create | Villager (Male) |
| 19:52 | Create | Villager (Male) |
| 20:12 | Build | House |
| 20:12 | Create | Villager (Male) |
| 20:14 | Create | Villager (Male) |
| 20:25 | Build | Monastery |
| 20:25 | Create | Villager (Male) |
| 20:26 | Create | Villager (Male) |
| 20:28 | Research | Wheelbarrow |
| 20:28 | Research | Wheelbarrow |
| 20:37 | Build | Farm |
Match timeline
| 9:28 | 莫莫 · age_up feudal |
| 10:11 | Soy Un Therian · first_building Barracks |
| 10:31 | Fox · age_up feudal |
| 10:31 | [GDL] saushino · age_up feudal |
| 10:39 | GDL-arlekin_ · age_up feudal |
| 10:48 | Overrated BO's · age_up feudal |
| 10:55 | Soy Un Therian · age_up feudal |
| 10:59 | Soy Un Therian · first_building Stable |
| 11:10 | qReey · age_up feudal |
| 11:20 | Usta Yoda · age_up feudal |
| 11:26 | Fox · first_building Stable |
| 11:50 | 莫莫 · first_market_buy 100 food |
| 11:51 | Fox · wall_segment Palisade Wall x1 |
| 11:52 | Fox · wall_segment Palisade Wall x1 |
| 11:54 | 莫莫 · first_market_sell 100 wood |
| 13:50 | [GDL] saushino · first_market_sell 100 wood |
| 13:54 | Fox · age_up castle |
| 14:09 | Overrated BO's · age_up castle |
| 14:14 | [GDL] saushino · age_up castle |
| 14:19 | [GDL] saushino · first_building Castle |
| 14:42 | [GDL] saushino · first_building Siege Workshop |
| 14:44 | 莫莫 · age_up castle |
| 14:48 | Soy Un Therian · age_up castle |
| 14:48 | Usta Yoda · age_up castle |
| 14:53 | 莫莫 · first_building Siege Workshop |
| 15:08 | GDL-arlekin_ · age_up castle |
| 15:20 | GDL-arlekin_ · first_building Castle |
| 15:48 | [GDL] saushino · first_market_buy 100 wood |
| 15:54 | GDL-arlekin_ · wall_segment Palisade Wall x1 |
| 16:06 | 莫莫 · first_building Castle |
| 16:31 | qReey · age_up castle |
| 16:33 | qReey · first_building Castle |
| 17:50 | GDL-arlekin_ · first_market_buy 100 food |
| 18:47 | 莫莫 · wall_segment Stone Wall x15 |
| 19:20 | Usta Yoda · first_market_buy 100 stone |
| 19:21 | 莫莫 · wall_segment Stone Wall x2 |
| 20:25 | Overrated BO's · first_building Monastery |
| 20:40 | Usta Yoda · first_building Siege Workshop |
| 20:48 | 莫莫 · wall_segment Stone Wall x5 |
| 20:56 | qReey · first_building Monastery |
| 21:12 | Overrated BO's · first_building Barracks |
| 21:24 | qReey · first_market_buy 100 food |
| 21:56 | Fox · first_market_buy 100 stone |
| 22:04 | Fox · wall_segment Stone Wall x4 |
| 22:16 | Overrated BO's · first_building Stable |
| 23:36 | Usta Yoda · first_building Monastery |
| 24:45 | Overrated BO's · first_market_sell 500 wood |
| 24:46 | Overrated BO's · first_market_buy 100 food |
| 24:46 | qReey · first_building Barracks |
| 25:00 | [GDL] saushino · age_up imperial |
| 25:12 | Fox · first_building Castle |
| 25:20 | Usta Yoda · first_building Barracks |
| 25:24 | qReey · first_building Archery Range |
| 25:55 | Overrated BO's · first_building Castle |
| 26:02 | Fox · first_market_sell 500 wood |
| 26:11 | Usta Yoda · first_building Stable |
| 26:16 | [GDL] saushino · first_building Monastery |
| 26:25 | Fox · wall_segment Stone Wall x1 |
| 26:30 | 莫莫 · age_up imperial |
| 27:38 | Overrated BO's · age_up imperial |
| 27:47 | qReey · wall_segment Stone Wall x4 |
| 27:49 | qReey · age_up imperial |
| 28:08 | Usta Yoda · age_up imperial |
| 28:09 | qReey · wall_segment Stone Wall x5 |
| 28:12 | qReey · wall_segment Stone Wall x6 |
| 28:16 | qReey · wall_segment Stone Wall x7 |
| 28:17 | 莫莫 · first_building Barracks |
| 28:18 | Soy Un Therian · first_market_buy 100 wood |
| 28:22 | Soy Un Therian · first_building Monastery |
| 28:29 | qReey · wall_segment Stone Wall x7 |
| 28:29 | Usta Yoda · first_market_sell 100 food |
| 28:34 | qReey · wall_segment Stone Wall x4 |
| 28:45 | Overrated BO's · first_building Siege Workshop |
| 28:56 | qReey · wall_segment Stone Wall x4 |
| 28:58 | qReey · wall_segment Stone Wall x3 |
| 29:00 | qReey · wall_segment Stone Wall x2 |
| 30:09 | 莫莫 · first_building Archery Range |
| 31:03 | Fox · age_up imperial |
| 31:18 | Usta Yoda · first_building Castle |
| 31:30 | qReey · first_market_sell 100 wood |
| 32:04 | Soy Un Therian · first_building Castle |
| 32:47 | Usta Yoda · tribute_sent a jugador 1 |
| 32:47 | Usta Yoda · tribute_sent a jugador 2 |
| 32:47 | Usta Yoda · tribute_sent a jugador 3 |
| 32:47 | Usta Yoda · tribute_sent a jugador 4 |
| 32:47 | Usta Yoda · tribute_sent a jugador 6 |
| 32:47 | Usta Yoda · tribute_sent a jugador 7 |
| 32:47 | Usta Yoda · tribute_sent a jugador 8 |
| 32:57 | Overrated BO's · tribute_sent a jugador 1 |
| 32:57 | Overrated BO's · tribute_sent a jugador 2 |
| 32:57 | Overrated BO's · tribute_sent a jugador 3 |
| 32:57 | Overrated BO's · tribute_sent a jugador 4 |
| 32:57 | Overrated BO's · tribute_sent a jugador 5 |
| 32:57 | Overrated BO's · tribute_sent a jugador 6 |
| 32:57 | Overrated BO's · tribute_sent a jugador 7 |
| 32:59 | Soy Un Therian · age_up imperial |
| 33:15 | GDL-arlekin_ · age_up imperial |
| 34:11 | Overrated BO's · tribute_sent a jugador 1 |
| 34:11 | Overrated BO's · tribute_sent a jugador 2 |
| 34:11 | Overrated BO's · tribute_sent a jugador 3 |
| 34:11 | Overrated BO's · tribute_sent a jugador 4 |
| 34:11 | Overrated BO's · tribute_sent a jugador 5 |
| 34:11 | Overrated BO's · tribute_sent a jugador 6 |
| 34:11 | Overrated BO's · tribute_sent a jugador 7 |
| 34:58 | Usta Yoda · first_building Archery Range |
| 36:01 | GDL-arlekin_ · first_building Barracks |
| 36:54 | GDL-arlekin_ · first_building Stable |
| 37:04 | Overrated BO's · tribute_sent a jugador 1 |
| 37:04 | Overrated BO's · tribute_sent a jugador 2 |
| 37:04 | Overrated BO's · tribute_sent a jugador 3 |
| 37:04 | Overrated BO's · tribute_sent a jugador 4 |
| 37:04 | Overrated BO's · tribute_sent a jugador 5 |
| 37:04 | Overrated BO's · tribute_sent a jugador 6 |
| 37:04 | Overrated BO's · tribute_sent a jugador 7 |
| 37:10 | Usta Yoda · tribute_sent a jugador 1 |
| 37:10 | Usta Yoda · tribute_sent a jugador 2 |
| 37:10 | Usta Yoda · tribute_sent a jugador 3 |
| 37:10 | Usta Yoda · tribute_sent a jugador 4 |
| 37:10 | Usta Yoda · tribute_sent a jugador 6 |
| 37:10 | Usta Yoda · tribute_sent a jugador 7 |
| 37:10 | Usta Yoda · tribute_sent a jugador 8 |
| 37:14 | Soy Un Therian · first_market_sell 100 wood |
| 38:10 | Soy Un Therian · tribute_sent a jugador 1 |
| 38:10 | Soy Un Therian · tribute_sent a jugador 2 |
| 38:10 | Soy Un Therian · tribute_sent a jugador 3 |
| 38:10 | Soy Un Therian · tribute_sent a jugador 4 |
| 38:10 | Soy Un Therian · tribute_sent a jugador 5 |
| 38:10 | Soy Un Therian · tribute_sent a jugador 7 |
| 38:10 | Soy Un Therian · tribute_sent a jugador 8 |
| 40:01 | Overrated BO's · tribute_sent a jugador 1 |
| 40:01 | Overrated BO's · tribute_sent a jugador 2 |
| 40:01 | Overrated BO's · tribute_sent a jugador 3 |
| 40:01 | Overrated BO's · tribute_sent a jugador 4 |
| 40:01 | Overrated BO's · tribute_sent a jugador 5 |
| 40:01 | Overrated BO's · tribute_sent a jugador 6 |
| 40:01 | Overrated BO's · tribute_sent a jugador 7 |
| 40:21 | Soy Un Therian · tribute_sent a jugador 1 |
| 40:21 | Soy Un Therian · tribute_sent a jugador 2 |
| 40:21 | Soy Un Therian · tribute_sent a jugador 3 |
| 40:21 | Soy Un Therian · tribute_sent a jugador 4 |
| 40:21 | Soy Un Therian · tribute_sent a jugador 5 |
| 40:21 | Soy Un Therian · tribute_sent a jugador 7 |
| 40:21 | Soy Un Therian · tribute_sent a jugador 8 |
| 42:45 | [GDL] saushino · first_building Barracks |
| 43:03 | Overrated BO's · tribute_sent a jugador 1 |
| 43:03 | Overrated BO's · tribute_sent a jugador 2 |
| 43:03 | Overrated BO's · tribute_sent a jugador 3 |
| 43:03 | Overrated BO's · tribute_sent a jugador 4 |
| 43:03 | Overrated BO's · tribute_sent a jugador 5 |
| 43:03 | Overrated BO's · tribute_sent a jugador 6 |
| 43:03 | Overrated BO's · tribute_sent a jugador 7 |
| 43:14 | Overrated BO's · tribute_sent a jugador 1 |
| 43:14 | Overrated BO's · tribute_sent a jugador 2 |
| 43:14 | Overrated BO's · tribute_sent a jugador 3 |
| 43:14 | Overrated BO's · tribute_sent a jugador 4 |
| 43:14 | Overrated BO's · tribute_sent a jugador 5 |
| 43:14 | Overrated BO's · tribute_sent a jugador 6 |
| 43:14 | Overrated BO's · tribute_sent a jugador 7 |
| 43:28 | [GDL] saushino · first_building Archery Range |
| 43:31 | Usta Yoda · wall_segment Stone Wall x9 |
| 43:55 | Usta Yoda · wall_segment Stone Wall x1 |
| 44:11 | Fox · wall_segment Stone Wall x1 |
| 44:54 | Fox · resign |
[ AI ANALYSIS · 1 CREDIT ]
What really happened in this match?
Wolo.gg analyzes every decision: build order, eco, micro, common mistakes by bracket. Personalized analysis on WhatsApp or Discord in 30 seconds.
Civ guide
Italians
Perfil
Jugador #2869537